 Dungeon Crawl Stone Soup version 0.20.1-1-g8b1a95d (webtiles) character file.

130724 LLlMATKO the Severer (level 16, -8/149 HPs)
             Began as a Minotaur Berserker on Dec 17, 2017.
             Was the Champion of Trog.
             Mangled by a spatial maelstrom (19 damage)
             ... on level 3 of the Abyss.
             The game lasted 02:10:45 (34071 turns).

LLlMATKO the Severer (Minotaur Berserker)          Turns: 34071, Time: 02:10:47

Health: -8/149     AC: 19    Str: 23    XL:     16   Next: 53%
Magic:  0/15       EV: 17    Int:  7    God:    Trog [******]
Gold:   2881       SH:  8    Dex: 21    Spells: 15/15 levels left

rFire    + . .     SeeInvis .   j - +2 war axe (venom)
rCold    + + .     Gourm    .   p - +0 buckler
rNeg     . . .     Faith    .   x - +0 plate armour
rPois    +         Spirit   +   (helmet restricted)
rElec    .         Reflect  .   N - scarf {Spirit}
rCorr    +         Harm     .   v - +0 pair of gloves
MR       .....                  W - +0 pair of boots
Stlth    ..........             z - amulet of regeneration
Regen    0.8/turn               V - ring "Unliotei" {rPois rF+ rC++ Int+3 Dex+2}
MPRegen  0.2/turn               F - ring "Vobucs" {rCorr +Blink MR- Dex+3}

@: berserk cooldown, slowed, very slow
A: retaliatory headbutt, horns 2
a: Berserk, Trog's Hand, Brothers in Arms, Burn Spellbooks, Renounce Religion,
Evoke Blink


You were on level 3 of the Abyss.
You worshipped Trog.
Trog was exalted by your worship.
You were very hungry.

You visited 4 branches of the dungeon, and saw 24 of its levels.
You visited the Abyss 1 time.
You also visited: Ossuary.

You collected 3122 gold pieces.
You spent 241 gold pieces at shops.

Inventory:

Hand Weapons
 j - a +2 war axe of venom (weapon)
 L - a +2 war axe of holy wrath
Armour
 p - a +0 buckler (worn)
 v - a +0 pair of gloves (worn)
 x - a +0 plate armour (worn)
 N - a scarf of spirit shield (worn)
 W - a +0 pair of boots (worn)
Jewellery
 z - an amulet of regeneration (around neck)
 B - the ring "Naisuzumu" {Str+3 SInv}
   (You took it off an orc warrior on level 2 of the Orcish Mines)

   [ring of see invisible]

   It affects your strength (+3).
   It lets you see invisible.
 C - a +3 amulet of reflection
 F - the ring "Vobucs" (right hand) {rCorr +Blink MR- Dex+3}
   (You found it on level 15 of the Dungeon)

   [ring of resist corrosion]

   It affects your dexterity (+3).
   It affects your resistance to hostile enchantments.
   It lets you blink.
 P - an uncursed ring of protection from cold
 R - a +4 ring of dexterity
 V - the ring "Unliotei" (left hand) {rPois rF+ rC++ Int+3 Dex+2}
   (You found it on level 15 of the Dungeon)

   [ring of dexterity]

   It affects your intelligence (+3).
   It affects your dexterity (+2).
   It protects you from fire.
   It greatly protects you from cold.
   It protects you from poison.
 X - an uncursed ring of protection from fire
Wands
 t - a wand of lightning (8/15)
 A - a wand of disintegration (7/24)
 M - a wand of clouds (3/9)
 O - a wand of flame (42/48)
 U - a wand of iceblast (5/15)
Scrolls
 a - 2 scrolls of identify
 b - 7 scrolls of teleportation
 e - 12 scrolls of remove curse
 g - 3 scrolls of recharging
 h - a scroll of summoning
 i - 4 scrolls of blinking
 r - 5 scrolls of fear
 y - 5 scrolls of magic mapping
 J - 4 scrolls of enchant armour
 T - 3 scrolls of enchant weapon
 Z - a scroll of fog
Potions
 f - 4 potions of brilliance
 k - 11 potions of heal wounds
 m - a potion of might
 o - 11 potions of curing
 q - a potion of flight
 s - 3 potions of agility
 u - 3 potions of resistance
 w - a potion of cancellation
 E - 3 potions of invisibility
 G - 7 potions of haste
 K - a potion of ambrosia
Comestibles
 c - 13 bread rations
 d - 4 chunks of flesh
 l - 19 meat rations
 n - 5 fruits
 D - 21 royal jellies


   Skills:
 + Level 15.1 Fighting
 * Level 19.6 Axes
 + Level 14.6 Armour
 + Level 13.9 Dodging
 + Level 13.6 Shields


You had 15 spell levels left.
You didn't know any spells.

Dungeon Overview and Level Annotations

Branches:
Dungeon (15/15)            Temple (1/1) D:4            Lair (6/6) D:8
  Swamp (0/4) Lair:3        Snake (0/4) Lair:2        Slime (0/5) Lair:5
    Orc (2/2) D:11            Elf (0/3) Orc:2        Vaults (0/5) D:13
 Depths (0/5) D:15

Altars:
Elyvilon
Fedhas
Hepliaklqana
Kikubaaqudgha
Makhleb
Nemelex Xobeh
Trog
Uskayaw
Beogh
Jiyva

Shops:
D:4 *   D:8 [   D:12 }   Orc:2 }:*?


Innate Abilities, Weirdness & Mutations

You reflexively headbutt those who attack you in melee.
You have a pair of horns on your head.


Message History

You are exhausted.
You feel yourself slow down. The spatial maelstrom hits you!
* * * LOW HITPOINT WARNING * * *
Space warps horribly around you!
* * * LOW HITPOINT WARNING * * *
You block the spatial maelstrom's attack.
You slice the spatial maelstrom!!
The spatial maelstrom is moderately damaged.
The spatial maelstrom hits you!
* * * LOW HITPOINT WARNING * * *
You blink.
A spatial vortex comes into view.
You block the spatial vortex's attack.
You hit the spatial vortex.
Your headbutt misses the spatial vortex.
The spatial vortex is lightly damaged.
You slash the spatial maelstrom! The spatial maelstrom hits you.
* * * LOW HITPOINT WARNING * * *
Space warps horribly around you!
You die...

. # § . #. . # .
## .# .. . ##.#.#.
.. . ..#... .
..... . #
##.#.##### #....
#........##.v#...#
# .#=∩§.v.#......
. #..§.†.v@..#....
. #
.....#####.#..#
... . ≈.####
.§#.#.v# . ..
.##... .# # #. ..
## #. # ## ##..
..##. # ### ###
###


You could see a spatial maelstrom and 3 spatial vortices.

Vanquished Creatures
  A tentacled starspawn (Abyss:3)
  Gastronok (Lair:2)
  4 orc warlords
  2 frost giants (D:15)
  Azrael (D:15)
  Josephine (D:11)
  Fannar (D:12)
  A great orb of eyes (D:15)
  3 vault guards (D:15)
  8 hydras
  2 catoblepae
  Erica (Orc:1)
  2 centaur warriors
  2 dancing weapons (D:13)
  2 tengu warriors (D:15)
  3 thrashing horrors (Abyss:3)
  9 death yaks
  6 two-headed ogres
  4 orc high priests
  Nergalle (D:10)
  4 skeletal warriors (D:15)
  2 unseen horrors
  A necromancer (Lair:5)
  9 orc knights
  A lindwurm (Lair:4)
  2 deep elf magi
  7 orc sorcerers
  A wolf spider (shapeshifter) (D:15)
  2 wolf spiders (Lair:6)
  7 ugly things
  2 manticores (D:15)
  3 cyclopes
  11 elephants
  Maurice (D:13)
  13 black mambas
  A guardian serpent (Lair:6)
  A gargoyle (D:10)
  A torpor snail (Lair:4)
  An orange demon (Abyss:3)
  3 smoke demons (Abyss:3)
  7 rime drakes
  A centaur skeleton (D:13)
  16 spiny frogs
  10 komodo dragons
  A demonic crawler (Abyss:3)
  2 hellwings (Abyss:3)
  3 tyrant leeches
  8 trolls
  An ancient zyme (Abyss:3)
  2 polar bears
  A queen bee (Lair:3)
  2 hornets (Lair:6)
  33 blink frogs
  A hippogriff (shapeshifter) (D:15)
  21 hippogriffs
  9 dream sheep
  A centaur simulacrum (D:11)
  7 wraiths
  A ynoxinul (Abyss:3)
  2 water elementals (D:13)
  A shadow (D:11)
  A vampire (D:14)
  2 redbacks (Lair:6)
  8 starcursed masses (Abyss:3)
  23 yaks
  32 wyverns
  4 fire elementals (D:15)
  11 basilisks
  4 hogs (D:7)
  2 steam dragons (D:5)
  A human (D:7)
  A hungry ghost (D:12)
  Grum (D:11)
  A vampire mosquito (D:13)
  A chaos spawn (Abyss:3)
  3 nagas (Lair:2)
  4 insubstantial wisps (Abyss:3)
  5 wargs
  An acid dragon (D:13)
  A soldier ant (D:14)
  2 swamp worms (Lair:3)
  19 water moccasins
  2 floating eyes (D:15)
  4 hell hounds (D:15)
  14 porcupines
  2 black bears
  5 ice beasts
  14 ogres
  46 orc warriors
  2 sky beasts
  A phantom (D:10)
  2 necrophages
  17 wolves
  10 centaurs
  18 crocodiles
  A big kobold (D:8)
  Blork the orc (D:5)
  16 bullfrogs
  A small abomination (Abyss:3)
  4 scorpions
  18 killer bees
  4 howler monkeys
  2 vampire bats (Orc:2)
  10 wights
  2 electric eels
  2 crimson imps
  6 centaur zombies
  4 hounds
  4 quasits
  4 jellies
  25 orc wizards
  26 orc priests
  Ijyb (D:3)
  7 iguanas
  An iron imp (Abyss:3)
  A gnoll shaman (D:4)
  Natasha (thrice) (D:3 D:5)
  A polar bear simulacrum (Lair:5)
  10 worker ants
  A yak simulacrum (Lair:5)
  3 wolf simulacra (Lair:5)
  3 big kobold zombies (Ossuary)
  4 mummies (Ossuary)
  A worker ant zombie (D:8)
  16 adders
  9 gnolls
  A howler monkey skeleton (D:10)
  5 shadow imps
  An ufetubus (Abyss:3)
  2 oozes
  5 adder zombies
  An adder skeleton (D:3)
  A worm (D:3)
  A dart slug (D:3)
  5 leopard geckos
  117 orcs
  2 ball pythons
  13 bats
  3 giant cockroaches
  4 hobgoblins
  11 jackals
  5 quokkas
  7 frilled lizards
  8 goblins
  A hobgoblin zombie (Ossuary)
  8 kobolds
  2 leopard gecko zombies
  12 rats
  6 river rat simulacra (Lair:5)
  18 bushes (Lair:5)
  17 fungi
  20 plants
989 creatures vanquished.

Vanquished Creatures (collateral kills)
  A hydra (Lair:6)
  A two-headed ogre (Orc:1)
  2 orc sorcerers (Orc:1)
  An orc knight (Orc:1)
  2 orc priests (Orc:1)
  3 orcs (Orc:1)
10 creatures vanquished.

Vanquished Creatures (others)
  An electric eel (D:13)
  An orc (Orc:1)
  A bush (Lair:5)
  22 fungi
  25 plants
  5 starspawn tentacles (Abyss:3)
55 creatures vanquished.

Grand Total: 1054 creatures vanquished

Notes
Turn   | Place    | Note
-------+----------+-------------------------------------------
     0 | D:1      | LLlMATKO the Minotaur Berserker began the quest for the Orb.
     0 | D:1      | Reached XP level 1. HP: 19/19 MP: 0/0
   222 | D:1      | Reached XP level 2. HP: 23/27 MP: 1/1
   371 | D:1      | Reached skill level 4 in Axes
   670 | D:2      | Reached XP level 3. HP: 32/33 MP: 2/2
   711 | D:2      | Reached ** piety under Trog
   781 | D:2      | Found a hide-covered altar of Uskayaw.
  1093 | D:2      | Reached XP level 4. HP: 37/41 MP: 3/3
  1554 | D:3      | Noticed Ijyb
  1566 | D:3      | Killed Ijyb
  1566 | D:3      | Reached skill level 5 in Axes
  1730 | D:3      | Noticed Natasha
  1733 | D:3      | Killed Natasha
  1733 | D:3      | Reached XP level 5. HP: 47/47 MP: 4/4
  2344 | D:3      | Noticed Natasha
  2353 | D:3      | Killed Natasha
  2710 | D:3      | Reached skill level 5 in Fighting
  3485 | D:4      | Reached skill level 6 in Axes
  3485 | D:4      | Reached XP level 6. HP: 40/56 MP: 5/5
  3490 | D:4      | Found a staircase to the Ecumenical Temple.
  3569 | D:4      | Found a sand-covered staircase.
  3581 | Ossuary  | Entered an ossuary
  3587 | Ossuary  | Reached *** piety under Trog
  4084 | Ossuary  | Reached XP level 7. HP: 56/61 MP: 6/6
  4093 | Ossuary  | Reached skill level 7 in Axes
  4331 | D:4      | Found a sparkling altar of Nemelex Xobeh.
  4510 | D:4      | Found Kecsim's Assorted Antiques.
  5332 | D:5      | Entered Level 5 of the Dungeon
  5387 | D:5      | Found a hazy altar of Hepliaklqana.
  5393 | D:5      | Found a bloodstained altar of Trog.
  5394 | D:5      | Noticed Natasha
  5396 | D:5      | Found a blossoming altar of Fedhas.
  5402 | D:5      | Killed Natasha
  5488 | Temple   | Entered the Ecumenical Temple
  5869 | D:5      | Reached skill level 5 in Armour
  5876 | D:5      | Noticed Blork the orc
  5882 | D:5      | Killed Blork the orc
  6131 | D:5      | Noticed a steam dragon
  6132 | D:5      | Noticed a steam dragon
  6148 | D:5      | Killed a steam dragon
  6148 | D:5      | Reached skill level 8 in Axes
  6148 | D:5      | Reached XP level 8. HP: 68/71 MP: 7/7
  6149 | D:5      | Reached skill level 5 in Dodging
  7023 | D:6      | Reached skill level 9 in Axes
  7134 | D:6      | Reached skill level 1 in Shields
  7294 | D:7      | Reached **** piety under Trog
  7565 | D:7      | Reached XP level 9. HP: 42/79 MP: 8/8
  7573 | D:7      | Reached skill level 10 in Axes
  8217 | D:7      | Found a burning altar of Makhleb.
  8996 | D:8      | Found a blossoming altar of Fedhas.
  9038 | D:8      | Found Vilol's Armour Shop.
  9049 | D:8      | Bought a scarf of spirit shield for 117 gold pieces
  9246 | D:8      | Found a staircase to the Lair.
  9648 | D:9      | Reached ***** piety under Trog
  9678 | D:9      | Noticed a two-headed ogre
  9687 | D:9      | Killed a two-headed ogre
  9687 | D:9      | Reached skill level 11 in Axes
  9687 | D:9      | Reached XP level 10. HP: 43/89 MP: 5/9
  9980 | D:9      | Reached skill level 5 in Shields
 10733 | Lair:1   | Entered Level 1 of the Lair of Beasts
 11005 | Lair:1   | Noticed a spiny frog
 11013 | Lair:1   | Killed a spiny frog
 11259 | Lair:1   | Noticed a spiny frog
 11277 | Lair:1   | Killed a spiny frog
 11385 | Lair:1   | Reached skill level 12 in Axes
 11775 | Lair:1   | Reached XP level 11. HP: 62/98 MP: 6/10
 12782 | Lair:2   | Noticed Gastronok
 12807 | Lair:2   | Killed Gastronok
 12807 | Lair:2   | Reached skill level 10 in Fighting
 13719 | D:8      | Reached skill level 13 in Axes
 14517 | Lair:2   | Received a gift from Trog
 14685 | Lair:2   | Found a staircase to the Snake Pit.
 15077 | Lair:3   | Reached skill level 10 in Armour
 15428 | Lair:3   | Reached XP level 12. HP: 107/107 MP: 11/11
 15491 | Lair:3   | Found a staircase to the Swamp.
 15510 | Lair:3   | Received a gift from Trog
 16449 | D:10     | Entered Level 10 of the Dungeon
 16500 | D:10     | Noticed Nergalle
 16526 | D:10     | Killed Nergalle
 16529 | D:10     | Reached skill level 14 in Axes
 17118 | D:11     | Reached skill level 10 in Dodging
 17231 | D:11     | Found a burning altar of Makhleb.
 17412 | D:11     | Found an ancient bone altar of Kikubaaqudgha.
 17605 | D:11     | Noticed a two-headed ogre
 17611 | D:11     | Killed a two-headed ogre
 17644 | D:11     | Noticed a two-headed ogre
 17658 | D:11     | Killed a two-headed ogre
 17658 | D:11     | Received a gift from Trog
 17763 | D:11     | Noticed Josephine
 17791 | D:11     | Killed Josephine
 18110 | D:11     | Found a roughly hewn altar of Beogh.
 18337 | D:11     | Found a staircase to the Orcish Mines.
 18340 | D:11     | Received a gift from Trog
 18423 | D:11     | Noticed Grum
 18429 | D:11     | Killed Grum
 18455 | D:11     | Reached skill level 15 in Axes
 19193 | D:12     | Found Piro's Gadget Emporium.
 19243 | D:12     | Reached XP level 13. HP: 115/115 MP: 12/12
 19681 | D:12     | Noticed Fannar
 19705 | D:12     | Killed Fannar
 20082 | D:12     | Reached skill level 10 in Shields
 20268 | Orc:1    | Entered Level 1 of the Orcish Mines
 20435 | Orc:1    | Received a gift from Trog
 20585 | Orc:2    | Entered Level 2 of the Orcish Mines
 20901 | Orc:2    | Found a staircase to the Elven Halls.
 20958 | Orc:2    | Reached ****** piety under Trog
 21462 | Orc:2    | Received a gift from Trog
 21855 | Orc:2    | Reached skill level 16 in Axes
 22118 | Orc:2    | Found Doos's Gadget Shoppe.
 22118 | Orc:2    | Found Kyurpheh's Book Boutique.
 22120 | Orc:2    | Found Ofudoceps's General Store.
 22120 | Orc:2    | Found Vophojy's Magic Scroll Boutique.
 22129 | Orc:2    | Bought a scroll of identify for 28 gold pieces
 22130 | Orc:2    | Bought a scroll of identify for 32 gold pieces
 22130 | Orc:2    | Bought a scroll of identify for 32 gold pieces
 22130 | Orc:2    | Bought a scroll of identify for 32 gold pieces
 22145 | Orc:2    | Noticed an orc warlord
 22146 | Orc:2    | Noticed an orc warlord
 22168 | Orc:2    | Killed an orc warlord
 22169 | Orc:2    | Killed an orc warlord
 22664 | Orc:1    | Noticed Erica
 22681 | Orc:1    | Killed Erica
 22686 | Orc:1    | Received a gift from Trog
 22845 | Orc:1    | Found a transporter.
 22867 | Orc:1    | Noticed an orc warlord
 22867 | Orc:1    | Found a roughly hewn altar of Beogh.
 22874 | Orc:1    | Reached XP level 14. HP: 125/126 MP: 11/13
 22884 | Orc:1    | Killed an orc warlord
 22891 | Orc:1    | Identified Buasim's Disquisition on the Rocks and Heat
 22911 | Orc:1    | Received a gift from Trog
 22967 | Orc:1    | Found a transporter.
 23338 | Orc:2    | Got a vibrating marble ring
 23422 | Orc:2    | Noticed an orc warlord
 23566 | Orc:1    | Killed an orc warlord
 24510 | D:13     | Reached skill level 17 in Axes
 24671 | D:13     | Noticed Maurice
 24681 | D:13     | Killed Maurice
 25048 | D:13     | Found a gate to the Vaults.
 26002 | Lair:4   | Received a gift from Trog
 26015 | Lair:4   | Identified the ring "Naisuzumu" {Str+3 SInv} (You took it off an orc warrior on level 2 of the Orcish Mines)
 27534 | Lair:5   | Reached XP level 15. HP: 124/136 MP: 14/14
 27779 | Lair:5   | Reached skill level 18 in Axes
 27990 | Lair:5   | Received a gift from Trog
 28736 | Lair:5   | Found a staircase to the Slime Pits.
 28736 | Lair:5   | Found a viscous altar of Jiyva.
 28930 | Lair:5   | Got a faintly humming ring mail
 28931 | Lair:5   | Identified the cursed +1 ring mail "Nahystresa" {MR+ rCorr Str+4 Int+4} (You found it on level 5 of the Lair of Beasts)
 29398 | Lair:6   | Entered Level 6 of the Lair of Beasts
 29879 | Lair:6   | Paralysed by a hornet for 2 turns
 30056 | Lair:6   | Received a gift from Trog
 31853 | D:14     | Reached skill level 19 in Axes
 32284 | D:14     | Found a white marble altar of Elyvilon.
 32617 | D:15     | Entered Level 15 of the Dungeon
 32626 | D:15     | Reached XP level 16. HP: 135/147 MP: 13/15
 32778 | D:15     | Noticed Azrael
 32796 | D:15     | Received a gift from Trog
 32806 | D:15     | Killed Azrael
 32817 | D:15     | Got a heavily runed amber ring
 32829 | D:15     | Identified the ring "Unliotei" {rPois rF+ rC++ Int+3 Dex+2} (You found it on level 15 of the Dungeon)
 33285 | D:15     | Paralysed by a floating eye for 3 turns
 33381 | D:15     | Found a staircase to the Depths.
 33678 | D:15     | Reached skill level 15 in Fighting
 33704 | D:15     | Got a warped bronze ring
 33714 | D:15     | Identified the ring "Vobucs" {rCorr +Blink MR- Dex+3} (You found it on level 15 of the Dungeon)
 33819 | D:15     | Cast into level 3 of the Abyss (a wizard)
 34044 | Abyss:3  | Noticed a tentacled starspawn
 34067 | Abyss:3  | Killed a tentacled starspawn
 34071 | Abyss:3  | Mangled by a spatial maelstrom

Skill      XL: |  1  2  3  4  5  6  7  8  9 10 11 12 13 14 15 16 |
---------------+-------------------------------------------------+-----
Fighting       | 4 5 6 7 8 9 10 11 12 13 14 15 | 15.1
Axes           | 4 5 6 8 9 11 12 13 15 16 17 19 | 19.6
Armour         | 3 4 5 6 7 9 10 11 12 13 14 | 14.6
Dodging        | 3 4 5 7 8 9 10 11 12 13 | 13.9
Shields        | 1 4 6 8 9 10 12 13 | 13.6

Action                   |  1- 3 |  4- 6 |  7- 9 | 10-12 | 13-15 | 16-18 || total
-------------------------+-------+-------+-------+-------+-------+-------++-------
Melee: Hand axe          |    88 |   172 |   243 |       |       |       ||   503
       Headbutt          |     9 |    32 |   108 |   240 |   457 |    97 ||   943
       War axe           |       |       |   130 |   833 |  1275 |   277 ||  2515
Invok: Berserk           |     1 |     4 |     6 |     5 |    20 |     4 ||    40
       Burn Spellbooks   |       |       |       |     2 |     2 |     1 ||     5
       Brothers in Arms  |       |       |       |       |     3 |       ||     3
       Trog's Hand       |       |       |       |       |     2 |       ||     2
Evoke: Wand              |       |       |       |       |     1 |       ||     1
  Use: Scroll            |       |     5 |     6 |    14 |    18 |     4 ||    47
       Potion            |       |       |       |       |     1 |       ||     1
 Stab: Petrified         |       |       |       |       |     3 |       ||     3
       Distracted        |       |       |       |       |     1 |       ||     1
  Eat: Chunk             |     1 |    11 |    22 |    37 |    57 |     8 ||   136
       Royal jelly       |       |     1 |       |       |       |       ||     1
       Fruit             |       |       |     1 |       |     8 |       ||     9
Armor: Animal skin       |    16 |       |       |       |       |       ||    16
       Scale mail        |    16 |    12 |       |       |       |       ||    28
       Chain mail        |       |    52 |   169 |   172 |       |       ||   393
       Plate armour      |       |       |       |    20 |   498 |    84 ||   602
Dodge: Dodged            |    61 |    65 |   139 |   308 |   643 |   167 ||  1383
Block: Buckler           |     6 |    14 |    40 |   263 |   637 |   127 ||  1087
       Reflection        |       |       |       |     6 |    15 |     1 ||    22
